 Dungeon Crawl Stone Soup version 0.31-a0-202-g547052bce9 (webtiles) character file.

Game seed: 8466126333989881183

3049 qw the Skirmisher (level 9, -1/54 HPs)
             Began as a Deep Elf Hunter on June 25, 2023.
             Was a Follower of Okawaru.
             Slain by a quasit (2 damage)
             ... summoned by an obsidian statue
             ... on level 8 of the Dungeon.
             The game lasted 00:03:06 (7259 turns).

qw the Skirmisher (Deep Elf Hunter)                 Turns: 7259, Time: 00:03:07

Health: -1/54      AC:  7    Str: 12      XL:     9   Next: 57%
Magic:  14/14      EV: 12    Int: 15      God:    Okawaru [*.....]
Gold:   492        SH:  5    Dex: 16 (18) Spells: 8/8 levels left

rFire   . . .        o - +0 longbow (heavy)
rCold   . . .        (shield currently unavailable)
rNeg    . . .        m - +0 ring mail
rPois   .            j - +0 helmet
rElec   .            (no cloak)
rCorr   .            (no gloves)
SInv    +            i - +0 pair of boots
Will    .....        f - amulet of reflection
Stlth   +            c - ring of see invisible
HPRegen 0.29/turn    (no ring)
MPRegen 0.14/turn

%: reflection
@: lethally poisoned (-1 -> -21), about to teleport
A: no striking features
a: Renounce Religion, Heroism


You were on level 8 of the Dungeon.
You worshipped Okawaru.
Okawaru was aware of your devotion.
You visited 1 branch of the dungeon, and saw 8 of its levels.
You also visited: Sewer and Ossuary.

You collected 492 gold pieces.


   Skills:
 - Level 5.5 Fighting
 + Level 14.1 Ranged Weapons
 - Level 1.0 Armour
 - Level 5.2 Dodging
 - Level 1.2 Stealth
 - Level 4.0 Invocations


You had 8 spell levels left.
You didn't know any spells.
Your spell library was empty.

Inventory:

Hand Weapons
 o - a +0 heavy longbow (weapon)
Armour
 i - a +0 pair of boots (worn)
 j - a +0 helmet (worn)
 m - a +0 ring mail (worn)
Jewellery
 c - a ring of see invisible (left hand)
 f - an amulet of reflection (around neck)
Scrolls
 a - 5 scrolls of identify
 e - a scroll of brand weapon
Potions
 b - 4 potions of might
 d - 6 potions of curing
 g - a potion of magic
 h - a potion of heal wounds
 k - 8 potions of enlightenment
 n - a potion of haste

Dungeon Overview and Level Annotations

Branches:
Dungeon (8/15)             Temple (0/1) D:5           Sewer (visited)
Ossuary (visited)
   Lair: D:8-11

Altars:
Ashenzari
Dithmenos
Gozag
Kikubaaqudgha
Okawaru
Qazlal
Wu Jian
Xom

Shops:
D:4 *

Annotations:
D:6 2 runed translucent doors
D:8 exclusion: obsidian statue


Message History

The iron imp hits you! The orange demon closely misses you.
You shoot an arrow. The arrow hits the iron imp.
The iron imp is heavily wounded.
The quasit closely misses you. You block the quasit's attack.
The quasit misses you. The orange demon closely misses you.
The iron imp closely misses you.
The quasit bites you but does no damage.
The quasit claws you.
You feel clumsy. You block the quasit's attack.
The obsidian statue slips into the dungeon's darkness for a moment.
The orange demon closely misses you.
You shoot an arrow. The arrow hits the iron imp.
The iron imp is severely wounded.
You block the quasit's attack. The quasit barely misses you.
The quasit closely misses you. The iron imp misses you.
The orange demon misses you.
You shoot an arrow. The arrow hits the iron imp!
You kill the iron imp!
The iron imp disappears in a puff of smoke!
You feel like a meek peon again. The orange demon stings you from afar.
You are poisoned.
The orange demon poisons you! The neqoxec hits you.
The quasit attacks as you move away! The quasit barely misses you.
You block the quasit's attack. The quasit completely misses you.
You feel very sick. The orange demon stings you.
You are lethally poisoned!
The orange demon poisons you!
The orange demon hits you but does no damage.
The quasit barely misses you. The quasit completely misses you.
The quasit barely misses you. The neqoxec hits you!
7259 ||| READING scroll of teleportation.
As you read the scroll of teleportation, it crumbles to dust.
You feel strangely unstable.
You feel very sick. You block the orange demon's attack.
The orange demon misses you. You block the quasit's attack.
The quasit claws you.
You die...

#.#.##.......#
#.......<....#.
...##..........
#..#....#......
#......#......
##.....# #+#.# .
##....# # .8.
##...#####.#
.....#@..[.....#
#...4435########
##....ยค)#
##.....# ##....#
##.... #....
###.#. #.#


You could see an orange demon (summoned), a rust devil (summoned), a neqoxec
(summoned) and a quasit (summoned).

Vanquished Creatures
  A two-headed ogre (D:6)
  A wyvern (D:7)
  Menkaure (Ossuary)
  2 water moccasins
  An orc warrior (D:7)
  An ice beast (D:5)
  A black bear (D:5)
  An ogre (D:6)
  A centaur (D:6)
  4 phantoms
  A scorpion (D:6)
  4 wights (D:7)
  3 hounds
  A jelly (D:7)
  3 gnoll boudas
  4 iguanas
  4 orc wizards
  A sleepcap (D:4)
  3 mummies (Ossuary)
  Robin (D:3)
  16 gnolls
  11 adders
  2 river rats (Sewer)
  A white imp (D:7)
  3 ufetubi
  A worm (Sewer)
  3 dart slugs
  27 orcs
  11 ball pythons
  8 endoplasms
  3 giant cockroaches
  3 gnoll zombies (Ossuary)
  20 goblins
  18 hobgoblins
  4 jackals (Sewer)
  8 quokkas
  10 bats
  5 frilled lizards
  5 gnoll skeletons (Ossuary)
  3 goblin skeletons (Ossuary)
  2 goblin zombies (Ossuary)
  8 hobgoblin skeletons (Ossuary)
  3 hobgoblin zombies (Ossuary)
  15 kobolds
  4 kobold skeletons (Ossuary)
  5 kobold zombies (Ossuary)
  3 orc skeletons (Ossuary)
  8 orc zombies (Ossuary)
  7 rats
  2 rat skeletons (Ossuary)
  4 rat zombies (Ossuary)
262 creatures vanquished.

Notes
Turn   | Place    | Note
-------+----------+-------------------------------------------
     0 | D:1      | qw the Deep Elf Hunter began the quest for the Orb.
     0 | D:1      | Reached XP level 1. HP: 12/12 MP: 3/3
     0 | D:1      | 0 ||| qw: Version: 0.3-a-22-g0ed2b0b
     0 | D:1      | 0 ||| qw: Game counter: 5732
     0 | D:1      | 0 ||| qw: Melee chars always use a shield: true
     0 | D:1      | 0 ||| qw: God list: Okawaru
     0 | D:1      | 0 ||| qw: Allow faded altars: false
     0 | D:1      | 0 ||| qw: Do Orc after clearing Dungeon:15 true
     0 | D:1      | 0 ||| qw: Do second Lair branch before Depths: true
     0 | D:1      | 0 ||| qw: Lair rune preference: random
     0 | D:1      | 0 ||| qw: Goals: Normal
     0 | D:1      | 0 ||| PLANNING D:1-11
   148 | D:1      | Reached skill level 6 in Ranged Weapons
   148 | D:1      | Reached XP level 2. HP: 16/16 MP: 4/4
   613 | D:1      | 613 ||| UPGRADING to +0 ring mail.
   623 | D:1      | 623 ||| DROPPING +0 leather armour.
   624 | D:1      | 624 ||| UPGRADING to amulet of reflection.
   629 | D:1      | 629 ||| READING scroll labelled KIXTEF QOF.
   730 | D:1      | 730 ||| READING scroll labelled ZEUSTR NISACKYT.
   731 | D:1      | 731 ||| READING scroll labelled DITINT FOEMUDUO.
   732 | D:1      | 732 ||| READING scroll labelled YCLEIR UNWUUW.
   735 | D:1      | 735 ||| READING scroll labelled LAEDUH DOAME.
   736 | D:1      | 736 ||| READING scroll labelled TUANWA SESEWI.
   737 | D:1      | 737 ||| DRINKING 2 fuming grey potions.
   738 | D:1      | 738 ||| DROPPING scroll of butterflies.
   842 | D:2      | Identified the +5 dagger "Tyopp" {drain, *Corrode +Blink
                  | rF+ Str+3}
   967 | D:2      | Reached XP level 3. HP: 16/20 MP: 5/5
  1059 | D:2      | Reached skill level 7 in Ranged Weapons
  1289 | D:2      | Found a faded altar of an unknown god.
  1418 | D:2      | 1418 ||| READING 3 scrolls labelled VUESAO CARA.
  1419 | D:2      | 1419 ||| READING scroll labelled SUASUP NOITOC.
  1420 | D:2      | 1420 ||| READING 2 scrolls of identify.
  1420 | D:2      | 1420 ||| IDENTIFYING glowing orange potion
  1644 | D:3      | Found an iron altar of Okawaru.
  1645 | D:3      | 1645 ||| PLANNING OKAWARU WORSHIP
  1645 | D:3      | 1645 ||| UPGRADING to ring of see invisible.
  1650 | D:3      | Became a worshipper of Warmaster Okawaru
  1651 | D:3      | 1651 ||| PLANNING D:1-11
  1796 | D:3      | Reached XP level 4. HP: 25/25 MP: 6/6
  2110 | D:3      | 2110 ||| UPGRADING to +0 pair of boots.
  2115 | D:3      | 2115 ||| READING scroll labelled SUNYOZYOGEDD.
  2115 | D:3      | Identified a scroll of acquirement
  2115 | D:3      | 2115 ||| ACQUIRING +0 longbow of freezing
  2115 | D:3      | Acquired a +0 longbow of freezing
  2117 | D:3      | 2117 ||| SWAPPING to +0 longbow of freezing.
  2118 | D:3      | 2118 ||| DROPPING +0 shortbow.
  2126 | D:4      | Noticed Robin
  2127 | D:4      | 2127 ||| PLANNING OSSUARY
  2129 | D:4      | 2129 ||| STAIRDANCE
  2134 | D:3      | Killed Robin
  2199 | D:3      | 2199 ||| UPGRADING to +0 helmet.
  2208 | D:4      | 2208 ||| STAIRDANCE
  2262 | D:4      | Found a shadowy altar of Dithmenos.
  2410 | D:4      | Reached skill level 8 in Ranged Weapons
  2480 | D:4      | Noticed a phantom
  2497 | D:4      | Killed a phantom
  2498 | D:4      | Reached XP level 5. HP: 22/29 MP: 7/7
  2540 | D:4      | Found a sand-covered staircase.
  2541 | D:4      | 2541 ||| DRINKING 2 puce potions.
  2552 | D:4      | Reached skill level 9 in Ranged Weapons
  2559 | Ossuary  | Entered an ossuary
  2636 | Ossuary  | 2636 ||| FLEEEEING.
  2637 | Ossuary  | 2637 ||| FLEEEEING.
  2638 | Ossuary  | 2638 ||| FLEEEEING.
  2639 | Ossuary  | 2639 ||| FLEEEEING.
  2640 | Ossuary  | 2640 ||| FLEEEEING.
  2641 | Ossuary  | 2641 ||| FLEEEEING.
  2642 | Ossuary  | 2642 ||| FLEEEEING.
  2643 | Ossuary  | 2643 ||| FLEEEEING.
  2644 | Ossuary  | 2644 ||| FLEEEEING.
  2657 | Ossuary  | 2657 ||| FLEEEEING.
  2658 | Ossuary  | 2658 ||| FLEEEEING.
  2659 | Ossuary  | 2659 ||| FLEEEEING.
  2672 | Ossuary  | 2672 ||| FLEEEEING.
  2872 | Ossuary  | 2872 ||| FLEEEEING.
  2873 | Ossuary  | 2873 ||| FLEEEEING.
  2874 | Ossuary  | 2874 ||| FLEEEEING.
  2887 | Ossuary  | 2887 ||| FLEEEEING.
  2888 | Ossuary  | 2888 ||| FLEEEEING.
  2889 | Ossuary  | 2889 ||| FLEEEEING.
  2890 | Ossuary  | 2890 ||| FLEEEEING.
  2903 | Ossuary  | 2903 ||| FLEEEEING.
  2904 | Ossuary  | 2904 ||| FLEEEEING.
  2905 | Ossuary  | 2905 ||| FLEEEEING.
  2986 | Ossuary  | Reached skill level 1 in Armour
  2986 | Ossuary  | Reached XP level 6. HP: 35/35 MP: 8/8
  3042 | Ossuary  | Noticed Menkaure
  3048 | Ossuary  | HP: 6/35 [Menkaure (13)]
  3049 | Ossuary  | Killed Menkaure
  3049 | Ossuary  | Reached * piety under Okawaru
  3050 | Ossuary  | Reached skill level 10 in Ranged Weapons
  3194 | Ossuary  | 3194 ||| READING scroll labelled JUTADU TOGEN.
  3195 | Ossuary  | 3195 ||| READING scroll labelled TITWOA XULENG.
  3257 | Ossuary  | 3257 ||| READING 6 scrolls of identify.
  3257 | Ossuary  | 3257 ||| IDENTIFYING grey potion
  3258 | Ossuary  | 3258 ||| READING 5 scrolls of identify.
  3258 | Ossuary  | 3258 ||| IDENTIFYING bubbling red potion
  3259 | Ossuary  | 3259 ||| READING 4 scrolls of identify.
  3259 | Ossuary  | 3259 ||| IDENTIFYING dark potion
  3260 | Ossuary  | 3260 ||| READING 3 scrolls of identify.
  3260 | Ossuary  | 3260 ||| IDENTIFYING inky potion
  3261 | Ossuary  | 3261 ||| READING 2 scrolls of identify.
  3261 | Ossuary  | 3261 ||| IDENTIFYING glowing cyan potion
  3262 | Ossuary  | 3262 ||| DROPPING potion of ambrosia.
  3263 | Ossuary  | 3263 ||| DROPPING potion of berserk rage.
  3264 | Ossuary  | 3264 ||| DROPPING potion of attraction.
  3265 | Ossuary  | 3265 ||| DROPPING potion of lignification.
  3270 | D:4      | 3270 ||| PLANNING D:1-11
  3399 | D:4      | 3399 ||| INVOKING Heroism.
  3400 | D:4      | 3400 ||| INVOKING Heroism.
  3509 | D:4      | Reached skill level 3 in Dodging
  3544 | D:4      | Found Giwoj's Gadget Gallery.
  3930 | D:4      | 3930 ||| READING scroll labelled VUGEZ FUNASIVEAWN.
  3931 | D:4      | 3931 ||| READING scroll labelled XASUACOLER.
  3932 | D:4      | 3932 ||| READING 2 scrolls labelled YLUCET IFUXT.
  3933 | D:4      | 3933 ||| READING 2 scrolls of identify.
  3933 | D:4      | 3933 ||| IDENTIFYING bubbling sapphire potion
  3934 | D:4      | 3934 ||| DROPPING scroll of blinking.
  3949 | D:5      | Entered Level 5 of the Dungeon
  3950 | D:5      | 3950 ||| PLANNING SEWER
  3978 | D:5      | Noticed a water moccasin
  3983 | D:5      | Killed a water moccasin
  3984 | D:5      | Reached XP level 7. HP: 10/40 MP: 9/9
  3984 | D:5      | HP: 9/40 [poisoned by a water moccasin]
  3989 | D:5      | HP: 5/40 [poisoned by a water moccasin]
  4181 | D:5      | Found a staircase to the Ecumenical Temple.
  4184 | D:5      | Found a glowing drain.
  4187 | D:5      | Reached skill level 11 in Ranged Weapons
  4187 | D:5      | Reached skill level 1 in Invocations
  4239 | D:5      | Identified the +1 chain mail "Okuen" {Regen+ SInv}
  4246 | D:5      | Found an ornate altar of the Wu Jian Council.
  4397 | D:5      | Found a stormy altar of Qazlal.
  4414 | D:5      | Reached ** piety under Okawaru
  4415 | D:5      | Reached skill level 3 in Invocations
  4515 | D:5      | 4515 ||| INVOKING Heroism.
  4519 | D:5      | Reached XP level 8. HP: 44/44 MP: 9/12
  4647 | Sewer    | Entered a sewer
  4732 | Sewer    | 4732 ||| Stepping ~*~*~tactically~*~*~ (water).
  4743 | Sewer    | 4743 ||| Stepping ~*~*~tactically~*~*~ (water).
  4760 | Sewer    | 4760 ||| Stepping ~*~*~tactically~*~*~ (water).
  4895 | Sewer    | Reached skill level 12 in Ranged Weapons
  4932 | Sewer    | 4932 ||| Stepping ~*~*~tactically~*~*~ (water).
  4956 | Sewer    | 4956 ||| Stepping ~*~*~tactically~*~*~ (water).
  5127 | Sewer    | 5127 ||| DROPPING scroll of noise.
  5150 | D:5      | 5150 ||| PLANNING D:1-11
  5401 | D:5      | 5401 ||| READING 2 scrolls of identify.
  5401 | D:5      | 5401 ||| IDENTIFYING smoky amethyst potion
  5402 | D:5      | 5402 ||| DROPPING potion of brilliance.
  5438 | D:6      | 5438 ||| INVOKING Heroism.
  5464 | D:6      | 5464 ||| FLEEEEING.
  5465 | D:6      | 5465 ||| FLEEEEING.
  5466 | D:6      | 5466 ||| FLEEEEING.
  5470 | D:6      | 5470 ||| STAIRDANCE
  5526 | D:6      | Noticed a two-headed ogre
  5527 | D:6      | 5527 ||| INVOKING Heroism.
  5536 | D:6      | HP: 10/45 [two-headed ogre/+0 giant spiked club (7)]
  5537 | D:6      | 5537 ||| READING 2 scrolls of teleportation.
  5538 | D:6      | Killed a two-headed ogre
  5539 | D:6      | Found an opulent altar of Gozag.
  5540 | D:6      | 5540 ||| READING scroll of teleportation.
  5541 | D:6      | 5541 ||| INVOKING Heroism.
  5543 | D:6      | HP: 9/50 [gnoll/+0 whip[a gnoll bouda] (5)]
  5722 | D:6      | Found an ancient bone altar of Kikubaaqudgha.
  5758 | D:6      | Reached XP level 9. HP: 50/54 MP: 14/14
  5843 | D:6      | Found a large runed translucent door.
  5843 | D:6      | Found a large runed translucent door.
  5843 | D:6      | Found a shimmering altar of Xom.
  6059 | D:6      | 6059 ||| INVOKING Heroism.
  6094 | D:6      | 6094 ||| FLEEEEING.
  6195 | D:6      | 6195 ||| INVOKING Heroism.
  6200 | D:6      | Reached skill level 13 in Ranged Weapons
  6313 | D:6      | 6313 ||| READING 3 scrolls of identify.
  6313 | D:6      | 6313 ||| IDENTIFYING silvery potion
  6360 | D:7      | 6360 ||| INVOKING Heroism.
  6474 | D:7      | 6474 ||| INVOKING Heroism.
  6510 | D:7      | 6510 ||| INVOKING Heroism.
  6659 | D:7      | Found a broken altar of Ashenzari.
  6812 | D:7      | 6812 ||| INVOKING Heroism.
  6815 | D:7      | Reached skill level 14 in Ranged Weapons
  6902 | D:7      | 6902 ||| INVOKING Heroism.
  7109 | D:7      | 7109 ||| READING scroll labelled ISUDELAYGH.
  7111 | D:7      | 7111 ||| Stepping ~*~*~tactically~*~*~ (cloud).
  7235 | D:8      | Noticed an obsidian statue
  7236 | D:8      | 7236 ||| INVOKING Heroism.
  7251 | D:8      | Noticed an orange demon
  7255 | D:8      | Noticed a rust devil
  7258 | D:8      | HP: 7/54 [neqoxec[an obsidian statue] (11)]
  7259 | D:8      | 7259 ||| READING scroll of teleportation.
  7259 | D:8      | HP: 1/54 [poisoned by an orange demon]
  7259 | D:8      | Slain by a quasit

Levels and vault maps discovered:
D:1:      dpeg_arrival_prison, layout_rooms, nicolae_kite_square_tiling_tiny,
          minmay_misc_feat_five, grunt_decor_mini_mirrors
D:2:      layout_loops_ring, ebering_ecumenical_altar_abandoned
D:3:      layout_loops_ring, mainiacjoe_overflow_six_doors_small
D:4:      corexii_shantytown, layout_basic, nicolae_overflow_crystal_walls,
          nicolae_ossuary_entry_monument, nicolae_shop_gadgets, uniq_robin
D:5:      layout_basic, amcnicky_altar_gilded, mainiacjoe_overflow_alcove_1,
          minmay_temple_entry_offerings, gup_sewer_entry_glass
D:6:      due_chaos_kobolds, layout_gridville, old_standard_altar,
          kiku_gazebo_pond_becter, serial_glass, glass_columns_a,
          glass_columns_a
D:7:      layout_cave_pools, cheibrodos_ashenzari_chains,
          minmay_splitting_lines, nicolae_hexahallways
D:8:      minmay_separated_statues, layout_basic, enter_bailey_8, uniq_grum,
          uniq_prince_ribbit1

Skill      XL: |  1  2  3  4  5  6  7  8  9 |
---------------+----------------------------+-----
Ranged Weapons | 6 7 8 9 10 11 12 14 | 14.1
Fighting       | 2 5 |  5.5
Armour         | 1 |  1.0
Dodging        | 3 4 5 |  5.2
Invocations    | 3 4 |  4.0
Stealth        | |  1.2

Action                     |  1- 3 |  4- 6 |  7- 9 || total
---------------------------+-------+-------+-------++-------
   Fire: Shortbow          |   130 |     4 |       ||   134
         Longbow           |       |   236 |   228 ||   464
 Invoke: Heroism           |       |     1 |    12 ||    13
    Use: Scroll            |     9 |    12 |     6 ||    27
         Potion            |     1 |     1 |       ||     2
 Armour: Leather armour    |     3 |       |       ||     3
         Ring mail         |    10 |    42 |    47 ||    99
  Dodge: Dodged            |    17 |    57 |   137 ||   211
  Block: Other             |     2 |    40 |    50 ||    92
         Reflection        |       |     1 |     2 ||     3

Table legend:
 A = Non-vault XP
 B = Vault XP
 C = Vault XP percentage of total XP
 D = Non-vault monster count
 E = Vault monster count
 F = Vault count percentage of total count
                 A         B        C        D         E       F
            +---------+---------+-------+---------+---------+-------
      Total |    3786 |     571 |  13.1 |     122 |     140 |  53.4
            +---------+---------+-------+---------+---------+-------
        D:1 |      26 |       4 |  13.3 |      13 |       3 |  18.8
        D:2 |      55 |       0 |   0.0 |      21 |       0 |   0.0
        D:3 |      14 |      24 |  63.2 |       9 |       5 |  35.7
        D:4 |     190 |     121 |  38.9 |       8 |      43 |  84.3
        D:5 |     783 |      30 |   3.7 |      18 |       4 |  18.2
        D:6 |    1697 |       0 |   0.0 |      22 |       0 |   0.0
        D:7 |    1012 |       0 |   0.0 |      28 |       0 |   0.0
        D:8 |       9 |       0 |   0.0 |       3 |       0 |   0.0
      Sewer |       0 |     113 | 100.0 |       0 |      31 | 100.0
    Ossuary |       0 |     279 | 100.0 |       0 |      54 | 100.0
            +---------+---------+-------+---------+---------+-------
